 Dungeon Crawl Stone Soup version 0.32-a0-705-g60f233581c (webtiles) character file.

Game seed: 11313547037853075090

1664 shadizar the Magician (level 9, 0/63 HPs)
             Began as a Djinni Conjurer on Mar 14, 2024.
             Was an Initiate of Makhleb.
             Slain by a kobold brigand
             ... wielding a +0 whip
              (7 damage)
             ... on level 7 of the Dungeon.
             The game lasted 00:05:29 (5492 turns).

shadizar the Magician (Djinni Conjurer)             Turns: 5492, Time: 00:05:29

Health: 0/63       AC:  2    Str:  6    XL:     9   Next: 20%
Gold:   49         EV: 11    Int: 24    God:    Makhleb [......] SH:  5 Dex: 12

rFire   + + .        r - staff of conjuration
rCold   x . .        p - +0 buckler
rNeg    . . .        a - +0 robe
rPois   ∞            (no helmet)
rElec   .            (no cloak)
rCorr   .            (no gloves)
SInv    .            (boots unavailable)
Will    .....        (no amulet)
Stlth   ++           (no ring)
HPRegen 0.30/turn    (no ring)
MPRegen 0.00/turn

%: infuse magic (-1 HP)
@: flying
A: sickness immunity, fire resistance 2, cold vulnerability 1, float, innate
caster, HP casting, extra vitality 1
a: Renounce Religion


You were on level 7 of the Dungeon.
You worshipped Makhleb.
Makhleb was noncommittal.
You visited 2 branches of the dungeon, and saw 8 of its levels.

You collected 421 gold pieces.
You spent 372 gold pieces at shops.

Inventory:

Armour
 a - a +0 robe (worn)
 p - a +0 buckler (worn)
 u - +0 steam dragon scales
Magical Staves
 r - a staff of conjuration (weapon)
Wands
 t - a wand of charming (4)
Scrolls
 b - 6 scrolls of identify {unknown}
 e - 5 scrolls of teleportation {unknown}
 h - a scroll of blinking {unknown}
 i - a scroll of enchant weapon {unknown}
 k - 2 scrolls of vulnerability {unknown}
 l - a scroll of torment {unknown}
 n - 2 scrolls of fear {unknown}
 o - a scroll of brand weapon {unknown}
 q - a scroll of enchant armour {unknown}
 s - a scroll of noise {unknown}
Potions
 c - 3 potions of brilliance {unknown}
 d - 4 potions of curing {unknown}
 f - a potion of haste {unknown}
 g - a potion of heal wounds {unknown}
 j - a potion of lignification {unknown}
 m - a potion of attraction {unknown}


   Skills:
 + Level 4.4 Fighting
 + Level 4.0 Dodging
 - Level 1.5 Stealth
 - Level 5.1 Shields
 + Level 7.1 Spellcasting
 + Level 7.1 Conjurations
 + Level 7.1 Hexes
   Level 0.0 Charms
 + Level 7.1 Summonings
 + Level 7.1 Necromancy
 + Level 7.1 Translocations
   Level 0.0 Transmutations
 + Level 7.1 Fire Magic
 + Level 7.1 Ice Magic
 + Level 7.1 Air Magic
 + Level 7.1 Earth Magic
 + Level 7.1 Alchemy


You knew the following spells:

 Your Spells              Type           Power      Damage    Failure   Level
a - Magic Dart            Conj           100%       1d8       1%          1
b - Searing Ray           Conj           100%       2d8       1%          2
c - Fulminant Prism       Conj/Alch      29%        3d14      6%          4
d - Iskenderun's Mystic   Conj/Tloc      59%        2d12      6%          4
e - Foxfire               Conj/Fire      100%       2x1d9     1%          1
f - Ensorcelled Hibernat  Hex/Ice        84%        N/A       1%          2
g - Gell's Gravitas       Tloc           42%        N/A       1%          3
h - Teleport Other        Tloc           42%        N/A       1%          3
Your spell library was empty.

Dungeon Overview and Level Annotations

Branches:
Dungeon (6/15)             Temple (1/1) D:4

Altars:
Ashenzari
Cheibriados
Dithmenos
Elyvilon
Fedhas
Hepliaklqana
Makhleb
Nemelex Xobeh
Okawaru
Ru
Trog
Uskayaw
Wu Jian
Xom
Yredelemnul
Zin
The Shining One

Shops:
D:5 *


Innate Abilities, Weirdness & Mutations

You are immune to sickness and miasma.
You are immune to poison.
Your flesh is very heat resistant. (rF++)
You are vulnerable to cold. (rC-)
You float through the air rather than walking.
You learn spells naturally, not from books.
Your magical power is your life essence.
You have superior vitality. (+4 MHP)


Message History

Your Dodging skill increases to level 4!
Things that are here:
a +1 halberd of flaming; +0 steam dragon scales; the human corpse of Maggie u - +0 steam dragon scales The kobold brigand throws a poisoned dart.
The poisoned dart closely misses you.
A scorpion comes into view.
There is an open door here.
Your magical contamination has completely faded away.
There is an open door here.
The kobold brigand throws a poisoned dart.
The poisoned dart closely misses you.
Casting: Searing Ray (safe; 1% risk of failure)
Confirm with . or Enter, or press ? or * to list all spells.
Aiming: Searing Ray (safe; 1% risk of failure)
Press: ? - help, Shift-Dir - straight line, f - kobold brigand
Aim: a kobold brigand, wielding a +0 whip and quivering poisoned darts (79% to hit)
You feel a surge of power!
The searing ray hits the kobold brigand.
The kobold brigand is lightly wounded. (Press . to maintain the ray.)
* * * LOW HITPOINT WARNING * * *
Unknown command.
Unknown command.
The searing ray hits the kobold brigand!
The kobold brigand is heavily wounded.
* * * LOW HITPOINT WARNING * * *
The searing ray hits the kobold brigand.
The kobold brigand is severely wounded.
* * * LOW HITPOINT WARNING * * *
You block the kobold brigand's attack.
The searing ray hits the kobold brigand.
The kobold brigand is almost dead.
* * * LOW HITPOINT WARNING * * *
You finish channelling your searing ray.
The kobold brigand hits you with a +0 whip!
* * * LOW HITPOINT WARNING * * *
A killer bee comes into view.
The kobold brigand hits you with a +0 whip!
You die...

#..........s.
#............
#.......>.... #
#............ ##.
#............
...#####.....###+######
........###'##....y....
..#.....#.....)))).....
#.....#..@K...)..)...
+.....#...########+##
#.....#...#
###.....#####
........#...#
........#...#
........#...#
........#...#
........'...#


You could see a kobold brigand and a killer bee (wandering).

Vanquished Creatures
  Maggie (D:7)
  Menkaure (D:7)
  A black bear (D:6)
  3 ogres (D:5)
  2 phantoms (D:5)
  A bullfrog (D:7)
  2 scorpions
  2 bombardier beetles
  A hound (D:5)
  3 iguanas
  3 sleepcaps
  4 orc wizards (D:6)
  10 adders
  A shadow imp (D:6)
  2 white imps
  3 dart slugs
  A ribbon worm (D:2)
  14 orcs
  11 endoplasms
  4 giant cockroaches
  7 hobgoblins
  4 jackals (D:3)
  12 kobolds
  5 quokkas
  3 ball pythons
  6 bats
  A frilled lizard (D:2)
  9 goblins
  3 rats
  A butterfly (D:3)
121 creatures vanquished.

Vanquished Creatures (others)
  2 fulminant prisms (D:7)
2 creatures vanquished.

Grand Total: 123 creatures vanquished

Notes
Turn   | Place    | Note
-------+----------+-------------------------------------------
     0 | D:1      | shadizar the Djinni Conjurer began the quest for the Orb.
     0 | D:1      | shadizar set off with the following spells memorised: Magic
                  | Dart, Searing Ray, Fulminant Prism, Iskenderun's Mystic
                  | Blast.
     0 | D:1      | Reached XP level 1. HP: 15/15 MP: 0/0
   157 | D:1      | Reached XP level 2. HP: 19/22 MP: 0/0
   250 | D:1      | Reached skill level 1 in Fighting
   444 | D:1      | Reached XP level 3. HP: 22/27 MP: 0/0
   444 | D:1      | Learned a level 1 spell: Foxfire
  1217 | D:2      | Reached XP level 4. HP: 31/32 MP: 0/0
  1738 | D:2      | Found a white marble altar of Elyvilon.
  1923 | D:3      | Reached XP level 5. HP: 34/38 MP: 0/0
  1923 | D:3      | Learned a level 2 spell: Ensorcelled Hibernation
  2239 | D:3      | Found a shimmering altar of Xom.
  2766 | D:4      | Reached skill level 5 in Spellcasting
  2766 | D:4      | Reached skill level 5 in Conjurations
  2766 | D:4      | Reached skill level 5 in Hexes
  2766 | D:4      | Reached skill level 5 in Summonings
  2766 | D:4      | Reached skill level 5 in Necromancy
  2766 | D:4      | Reached skill level 5 in Translocations
  2766 | D:4      | Reached skill level 5 in Fire Magic
  2766 | D:4      | Reached skill level 5 in Ice Magic
  2766 | D:4      | Reached skill level 5 in Air Magic
  2766 | D:4      | Reached skill level 5 in Earth Magic
  2766 | D:4      | Reached skill level 5 in Alchemy
  2795 | D:4      | Found a staircase to the Ecumenical Temple.
  2806 | Temple   | Entered the Ecumenical Temple
  2844 | Temple   | Became a worshipper of Makhleb the Destroyer
  2905 | D:4      | Reached XP level 6. HP: 33/46 MP: 0/0
  3073 | D:4      | Found an ornate altar of the Wu Jian Council.
  3511 | D:5      | Entered Level 5 of the Dungeon
  3534 | D:5      | Reached skill level 1 in Shields
  3584 | D:5      | Noticed an ogre
  3590 | D:5      | Killed an ogre
  3591 | D:5      | Reached XP level 7. HP: 44/50 MP: 0/0
  3591 | D:5      | Learned a level 3 spell: Gell's Gravitas
  3953 | D:5      | Found a glowing golden altar of the Shining One.
  4106 | D:5      | Reached XP level 8. HP: 49/56 MP: 0/0
  4155 | D:5      | Found Gal Puk's Assorted Antiques.
  4163 | D:5      | Bought a weird runed staff for 372 gold pieces
  4771 | D:6      | Found a snail-covered altar of Cheibriados.
  5168 | D:6      | Reached skill level 5 in Shields
  5358 | D:6      | You are sucked into a shaft and drop 1 floor!
  5360 | D:7      | Noticed Menkaure
  5367 | D:7      | Killed Menkaure
  5457 | D:7      | Noticed Maggie
  5469 | D:7      | Killed Maggie
  5470 | D:7      | Reached XP level 9. HP: 22/62 MP: 0/0
  5470 | D:7      | Learned a level 3 spell: Teleport Other
  5492 | D:7      | Slain by a kobold brigand

Illustrated notes

Levels and vault maps discovered:
D:1:      dpeg_arrival_radiant, layout_loops_ring, minmay_vboxes
D:2:      layout_loops_corners, basic_altar
D:3:      layout_basic, xom_butterflies, minmay_ruptured
D:4:      layout_basic, mainiacjoe_overflow_surrounded_room,
          minmay_temple_entry_stoned_glass
D:5:      layout_cave_pods, jmf_multi_god_temple, serial_glass, glass_columns_c,
          glass_columns_b, serial_shops, shop, serial_library_regret_index_multi
D:6:      minmay_clustersquares, layout_loops_ring,
          nicolae_gozag_cash_rules_everything_around_me,
          nicolae_overflow_hidden_temple, minivault_23
D:7:      lemuel_slime, layout_gridville,
          regret_index_kikubaaqudgha_part_by_part, uniq_crazy_yiuf_cottage,
          uniq_maggie, uniq_menkaure
Temple:   compressed_dpeg_circular_temple

Skill      XL: |  1  2  3  4  5  6  7  8  9 |
---------------+----------------------------+-----
Fighting       | 1 2 3 4 |  4.4
Spellcasting   | 4 5 6 7 |  7.1
Conjurations   | 4 5 6 7 |  7.1
Hexes          | 4 5 6 7 |  7.1
Summonings     | 4 5 6 7 |  7.1
Necromancy     | 4 5 6 7 |  7.1
Translocations | 4 5 6 7 |  7.1
Fire Magic     | 4 5 6 7 |  7.1
Ice Magic      | 4 5 6 7 |  7.1
Air Magic      | 4 5 6 7 |  7.1
Earth Magic    | 4 5 6 7 |  7.1
Alchemy        | 4 5 6 7 |  7.1
Shields        | 2 3 5 |  5.1
Dodging        | 3 4 |  4.0
Stealth        | |  1.5

Action                     |  1- 3 |  4- 6 |  7- 9 || total
---------------------------+-------+-------+-------++-------
  Melee: Unarmed           |       |     2 |       ||     2
   Cast: Magic Dart        |    76 |   113 |    92 ||   281
         Searing Ray       |       |     6 |    22 ||    28
         Iskenderun's Myst |       |       |     2 ||     2
         Fulminant Prism   |       |       |     2 ||     2
 Armour: Robe              |     2 |    11 |    23 ||    36
  Dodge: Dodged            |     1 |     9 |    23 ||    33
  Block: Buckler           |       |       |     5 ||     5

Table legend: (Time is in decaauts)
 A = Elapsed time spent in this place.
 B = Non-inter-level travel time spent in this place.
 C = Inter-level travel time spent in this place.
 D = Time resting spent in this place.
 E = Time spent auto-exploring this place.
 F = Levels seen in this place.
 G = Mean time per level.
                   A        B        C        D        E       F      G
               +--------+--------+--------+--------+--------+-----+--------+
         Total |   5490 |   5292 |    198 |      0 |   4611 |   8 |  686.2 |
       Dungeon |   5421 |   5223 |    198 |      0 |   4611 |   7 |  774.4 |
        Temple |     68 |     68 |      0 |      0 |      0 |   1 |   68.0 |
               +--------+--------+--------+--------+--------+-----+--------+

Top non-repeatable levels by time:
     D:5: 1100 daAuts
     D:1: 962 daAuts
     D:2: 899 daAuts
     D:3: 841 daAuts
     D:6: 745 daAuts
     D:4: 738 daAuts
     D:7: 133 daAuts
  Temple: 68 daAuts
